 Dungeon Crawl Stone Soup version 0.31.0-32-g396128a36d (webtiles) character file.

Game seed: 4033658117427378693

2200 jagang the Slasher (level 9, -4/69 HPs)
             Began as a Human Monk on Mar 12, 2024.
             Was an Elder of Okawaru.
             Slain by an ogre
             ... wielding a +0 giant club
              (7 damage)
             ... on level 6 of the Dungeon.
             The game lasted 00:16:37 (6095 turns).

jagang the Slasher (Human Monk)                     Turns: 6095, Time: 00:16:38

Health: -4/69      AC: 15    Str: 11    XL:     9   Next: 34%
Magic:  9/9        EV:  4    Int: 11    God:    Okawaru [****..]
Gold:   246        SH:  6    Dex: 26    Spells: 8/8 levels left

rFire   . . .        i - +1 rapier (elec)
rCold   . . .        E - +0 buckler
rNeg    . . .        F - +0 plate armour
rPois   +            (no helmet)
rElec   .            u - +0 cloak
rCorr   .            A - +0 pair of gloves
SInv    .            e - +0 pair of boots
Will    .....        (no amulet) Stlth
                     f - ring of poison resistance
HPRegen 0.31/turn    C - +6 ring of dexterity
MPRegen 0.11/turn

%: no passive effects
@: studying Necromancy
A: explore regen
a: Renounce Religion, Heroism, Finesse


You were on level 6 of the Dungeon.
You worshipped Okawaru.
Okawaru was greatly pleased with you.
You visited 1 branch of the dungeon, and saw 6 of its levels.
You also visited: Sewer.

You collected 246 gold pieces.

Inventory:

Hand Weapons
 i - a +1 rapier of electrocution (weapon)
 n - the +9 hand axe "Ycwecuch" {venom, rElec rPois}
   (You found it on level 2 of the Dungeon)

   rElec:     It insulates you from electricity.
   rPois:     It protects you from poison
Missiles
 D - 5 boomerangs (quivered)
Armour
 e - a +0 pair of boots (worn)
 u - a +0 cloak (worn)
 A - a +0 pair of gloves (worn)
 E - a +0 buckler (worn)
 F - a +0 plate armour (worn)
Jewellery
 f - a ring of poison resistance (left hand)
 C - a +6 ring of dexterity (right hand)
Scrolls
 a - a scroll of identify
 d - a scroll of torment
 g - 2 scrolls of poison
 j - 2 scrolls of enchant armour
 l - 2 scrolls of amnesia
 m - a scroll of revelation {unknown}
 o - 2 scrolls of teleportation {unknown}
 p - 3 scrolls of butterflies {unknown}
 r - 4 scrolls of vulnerability {unknown}
 x - a scroll of fear {unknown}
 y - 3 scrolls of fog {unknown}
 B - a scroll of blinking
Potions
 b - a potion of degeneration {unknown}
 c - 2 potions of ambrosia
 h - 3 potions of curing
 k - 2 potions of enlightenment {unknown}
 q - a potion of mutation {unknown}
 s - 3 potions of heal wounds {unknown}
 v - 2 potions of might {unknown}
 w - 3 potions of lignification {unknown}
 z - a potion of magic {unknown}


   Skills:
 * Level 6.1 Fighting
 * Level 7.9 Long Blades
 - Level 2.5 Axes
 + Level 0.8 Throwing
 + Level 4.8 Armour
 + Level 5.9 Dodging
 + Level 1.0 Shields
 + Level 1.1 Invocations


You had 8 spell levels left.
You didn't know any spells.
Your spell library contained the following spells:

 Spells                   Type           Power      Damage    Failure   Level
 Magic Dart               Conj           0%         1d3       100%        1
 Blink                    Tloc           0%         N/A       100%        2
 Scorch                   Fire           0%         2d5       100%        2
 Flame Wave               Conj/Fire      0%         2d4       100%        4
 Call Imp                 Summ           Unusable   N/A       N/A         2
 Summon Cactus Giant      Summ           Unusable   N/A       N/A         6

Dungeon Overview and Level Annotations

Branches:
Dungeon (6/15)              Sewer (visited)
 Temple: D:4-7

Altars:
Ashenzari
Dithmenos
Elyvilon
Okawaru
Qazlal
Trog
Vehumet

Shops:
D:1 =((   D:5 (

Portals:
Abyss: D:6

Annotations:
D:6 1 transporter, spaghetti's ghost, weakling NaDe


Innate Abilities, Weirdness & Mutations

You regain HP and MP as you explore.


Message History

The black bear claws you but does no damage.
You block the black bear's attack. The black bear barely misses you.
The black bear claws you but does no damage.
You hit the black bear.
You kill the black bear!
Okawaru accepts your kill.
Your Shields skill increases to level 1!
You barely miss the ogre. The ogre barely misses you.
You hit the ogre.
The ogre is lightly wounded.
The ogre completely misses you.
You hit the ogre.
The ogre is moderately wounded.
You hit the ogre.
The ogre is moderately wounded.
The ogre hits you with a +0 giant club!
You puncture the ogre!
The ogre is severely wounded.
The ogre hits you with a +0 giant club!
You hit the ogre.
The ogre is severely wounded.
You hit the ogre but do no damage.
The ogre is severely wounded.
You block the ogre's attack.
You barely miss the ogre.
The ogre is severely wounded.
The ogre hits you with a +0 giant club!!
* * * LOW HITPOINT WARNING * * *
You are too injured to fight recklessly!
You are too injured to fight recklessly!
You barely miss the ogre.
The ogre is severely wounded.
You barely miss the ogre.
The ogre is severely wounded.
The ogre hits you with a +0 giant club!
* * * LOW HITPOINT WARNING * * *
You barely miss the ogre.
The ogre is severely wounded.
The ogre hits you with a +0 giant club!
You die...

###...#####.#
#...##.
#...........#
#....##
#.#...#######
#.....[ ##.##
#...... # #.#
#.#####
#.##.########
#.
#............
..
####.########.
...
#..@O......###
######....#
###


You could see an ogre.

Vanquished Creatures
  Grinder (D:5)
  Eustachio (D:4)
  A water moccasin (D:5)
  An ice beast (D:3)
  2 sky beasts
  2 black bears
  2 ogres
  2 brain worms (Sewer)
  A gnoll sergeant (D:5)
  2 scorpions
  2 howler monkeys
  2 jellies (D:5)
  An orc priest (D:5)
  4 hounds
  2 iguanas (D:5)
  3 orc wizards
  A statue (D:4)
  12 adders
  8 gnolls
  5 river rats
  A white imp (D:5)
  2 ufetubi (D:5)
  3 dart slugs
  A ribbon worm (D:2)
  10 orcs
  10 ball pythons
  5 endoplasms
  4 giant cockroaches
  10 goblins
  9 hobgoblins
  12 jackals
  8 kobolds
  7 quokkas
  8 bats
  7 frilled lizards
  10 rats
162 creatures vanquished.

Notes
Turn   | Place    | Note
-------+----------+-------------------------------------------
     0 | D:1      | jagang the Human Monk began the quest for the Orb.
     0 | D:1      | Reached XP level 1. HP: 18/18 MP: 1/1
   110 | D:1      | Reached XP level 2. HP: 14/24 MP: 2/2
   254 | D:1      | Found Kuty's One-of-a-Kind Rings.
   336 | D:1      | Reached XP level 3. HP: 29/29 MP: 3/3
   422 | D:1      | Reached skill level 1 in Armour
   705 | D:1      | Found Catid's Antique Weapon Shop.
   867 | D:1      | Found Jextag's Antique Weapon Shoppe.
  1067 | D:2      | Found a shadowy altar of Dithmenos.
  1289 | D:2      | Reached XP level 4. HP: 24/35 MP: 4/4
  1830 | D:2      | Reached skill level 4 in Long Blades
  1973 | D:2      | Identified the +9 hand axe "Ycwecuch" {venom, rElec rPois}
  2155 | D:3      | Found an iron altar of Okawaru.
  2163 | D:3      | Became a worshipper of Warmaster Okawaru
  2163 | D:3      | Reached * piety under Okawaru
  2163 | D:3      | Reached ** piety under Okawaru
  2212 | D:3      | Reached XP level 5. HP: 31/41 MP: 5/5
  2319 | D:3      | Noticed an ice beast
  2326 | D:3      | Killed an ice beast
  2327 | D:3      | Reached skill level 1 in Axes
  2327 | D:3      | Reached XP level 6. HP: 27/48 MP: 6/6
  2522 | D:3      | Found a shadowy altar of Dithmenos.
  2625 | D:3      | Noticed a sky beast
  2630 | D:3      | Killed a sky beast
  2646 | D:3      | Found a stormy altar of Qazlal.
  3026 | D:4      | Noticed Eustachio
  3026 | D:4      | Found a glowing drain.
  3036 | D:4      | Killed Eustachio
  3036 | D:4      | Reached *** piety under Okawaru
  3037 | D:4      | Reached skill level 5 in Long Blades
  3037 | D:4      | Reached XP level 7. HP: 54/54 MP: 7/7
  3046 | Sewer    | Entered a sewer
  3667 | D:4      | Found a broken altar of Ashenzari.
  3670 | D:4      | Found a bloodstained altar of Trog.
  3849 | D:4      | Reached skill level 6 in Long Blades
  3849 | D:4      | Reached XP level 8. HP: 36/61 MP: 8/8
  3935 | D:4      | Found a radiant altar of Vehumet.
  4321 | D:4      | Found a white marble altar of Elyvilon.
  4776 | D:5      | Entered Level 5 of the Dungeon
  4807 | D:4      | Reached skill level 5 in Fighting
  4807 | D:4      | Reached skill level 5 in Dodging
  4931 | D:5      | Found Humiepef's Weapon Shoppe.
  4946 | D:5      | Reached **** piety under Okawaru
  5015 | D:5      | Noticed Grinder
  5040 | D:5      | Paralysed by Grinder for 5 turns
  5063 | D:5      | Killed Grinder
  5064 | D:5      | Reached skill level 7 in Long Blades
  5295 | D:5      | Reached XP level 9. HP: 59/68 MP: 9/9
  5866 | D:6      | Found a transporter.
  5898 | D:6      | Found a one-way gate to the infinite horrors of the Abyss.
  5898 | D:6      | Noticed spaghetti's ghost (weakling NaDe)
  5901 | D:6      | Noticed an ancient zyme
  5958 | D:6      | Reached skill level 1 in Invocations
  6085 | D:6      | Reached skill level 1 in Shields
  6094 | D:6      | HP: 2/69 [ogre/+0 giant club (16)]
  6095 | D:6      | Slain by an ogre

Illustrated notes

Levels and vault maps discovered:
D:1:      roderic_chinese_lattice_arrival, layout_basic, serial_shops,
          nicolae_shop_overgrown_old_shop, nicolae_shop_getting_attention,
          nicolae_shop_unique_rings
D:2:      layout_basic, basic_altar, st_stairs_14, kennysheep_generic_room_3
D:3:      layout_basic, grunt_dithmenos_smoke, nicolae_qazlal_beasts_of_the_sky,
          mainiacjoe_overflow_small_starburst
D:4:      layout_loops_corners, vehumet_statue,
          mainiacjoe_overflow_concentric_impassable,
          chequers_temple_overflow_statue_of_worship, portal_sewer_entry_a,
          nicolae_tricolors, uniq_eustachio
D:5:      layout_rooms, nicolae_wooded_promenade, minmay_manual_mandibuliform,
          uniq_grinder
D:6:      wander_guarded_unrand_ratskin, layout_loops_ring,
          gammafunk_ghost_abyssal_escape, nicolae_tricolors

Skill      XL: |  1  2  3  4  5  6  7  8  9 |
---------------+----------------------------+-----
Armour         | 1 2 3 4 |  4.8
Long Blades    | 4 5 6 7 |  7.9
Axes           | 1 2 |  2.5
Fighting       | 4 5 6 |  6.1
Dodging        | 4 5 |  5.9
Invocations    | 1 |  1.1
Shields        | 1 |  1.0
Throwing       | |  0.8

Action                     |  1- 3 |  4- 6 |  7- 9 || total
---------------------------+-------+-------+-------++-------
  Melee: Falchion          |   127 |    51 |       ||   178
         Hand axe          |       |    42 |       ||    42
         Rapier            |       |       |   303 ||   303
  Throw: Boomerang         |       |       |     4 ||     4
    Use: Scroll            |       |     4 |     1 ||     5
 Armour: Robe              |    77 |    37 |       ||   114
         Chain mail        |       |    26 |   249 ||   275
         Plate armour      |       |       |    39 ||    39
  Dodge: Dodged            |   108 |    56 |   134 ||   298
  Block: Buckler           |       |       |    11 ||    11
